 Dungeon Crawl Stone Soup version 0.30.1-10-g1249ef9ec4 (webtiles) character file.

Game seed: 6347857180795823924

314 lonewolfV2 the Ducker (level 6, 0/70 HPs)
             Began as a Demonspawn Fighter on Oct 27, 2023.
             Succumbed to Crazy Yiuf's poison
             ... on level 3 of the Dungeon.
             The game lasted 00:02:50 (2380 turns).

lonewolfV2 the Ducker (Demonspawn Fighter)          Turns: 2380, Time: 00:02:50

Health: 0/70       AC: 23    Str: 19    XL:     6   Next: 19%
Magic:  6/6        EV:  2    Int: 15    God:
Gold:   140        SH:  4    Dex: 12    Spells: 5/5 levels left

rFire   . . .        a - +0 war axe
rCold   . . .        c - +0 buckler
rNeg    . . .        b - melded +0 scale mail
rPois   +            (helmet currently unavailable)
rElec   .            (cloak currently unavailable)
rCorr   .            (gloves currently unavailable)
SInv    .            (boots currently unavailable)
Will    .....        q - amulet of the acrobat
Stlth   +            f - +6 ring of intelligence
HPRegen 0.31/turn    (no ring)
MPRegen 0.10/turn

%: acrobat
@: mighty, lethally poisoned (0 -> -4), tree-form
A: stationary, stasis, torment immunity, boosted hp, (hooves 1), demonic
guardian 1, (sanguine armour 1)
a: no special abilities


You were on level 3 of the Dungeon.
You were a tree.
You visited 1 branch of the dungeon, and saw 3 of its levels.

You collected 140 gold pieces.

Inventory:

Hand Weapons
 a - a +0 war axe (weapon)
Armour
 b - a +0 scale mail (melded)
 c - a +0 buckler (worn)
Jewellery
 f - a +6 ring of intelligence (left branch)
 j - a ring of ice
 q - an amulet of the acrobat (around neck)
Wands
 i - a wand of iceblast (3)
 k - a wand of polymorph (6)
Scrolls
 n - 3 scrolls of teleportation
 p - a scroll of enchant weapon {unknown}
Potions
 e - a potion of flight


   Skills:
 - Level 3.0 Fighting
 - Level 1.8 Axes
 + Level 4.2 Armour
 * Level 4.4 Dodging
 - Level 2.7 Shields


You had 5 spell levels left.
You didn't know any spells.
Your spell library contained the following spells:

 Spells                   Type           Power      Damage    Failure   Level
 Beastly Appendage        Tmut           0%         N/A       34%         1
 Foxfire                  Conj/Fire      0%         2x1d4     34%         1
 Cigotuvi's Dreadful Rot  Necr/Pois/Air  0%         N/A       45%         2
 Wereblood                Tmut           0%         N/A       45%         2
 Ignite Poison            Fire/Tmut/Pois 0%         N/A       71%         3
 Spider Form              Tmut/Pois      0%         N/A       71%         3
 Cause Fear               Hex            0%         N/A       98%         4
 Fireball                 Conj/Fire      0%         3d3       100%        5
 Freezing Cloud           Conj/Ice/Air   0%         6-21      100%        5
 Plasma Beam              Fire/Air       0%         2x1d11    100%        6
 Starburst                Conj/Fire      0%         6d3       100%        6
 Dragon Form              Tmut           0%         N/A       100%        7
 Dragon's Call            Summ           0%         N/A       100%        9


Dungeon Overview and Level Annotations

Branches:
Dungeon (3/15)

Altars:
Xom


Innate Abilities, Weirdness & Mutations

You are a tree.
Your roots penetrate the ground, keeping you stationary.
You cannot be teleported.
You are immune to unholy pain and torment.
Your maximum health is greatly increased.
Your equipment is partially melded.
((You have large cloven feet.))
A weak demonic guardian rushes to your aid.
((When seriously injured, your blood forms armour. (AC +0)))


Message History

HP restored.
There is a stone staircase leading up here.
Key pressed, stopping explore.
There is a stone staircase leading down here.
You see here a +0 hammer.
Could not explore, unopened runed door.
Could not explore, unopened runed door.
Could not explore, unopened runed door.
You open the door. You hit Crazy Yiuf but do no damage.
Your kick misses Crazy Yiuf.
Crazy Yiuf hits you with a +3 quarterstaff of chaos!
You are poisoned.
You hit Crazy Yiuf. You kick Crazy Yiuf.
Crazy Yiuf is heavily wounded.
You feel very sick. You block Crazy Yiuf's attack.
Crazy Yiuf hits you with a +3 quarterstaff of chaos!
Your blood congeals into armour.
You feel drained.
You barely miss Crazy Yiuf. You kick Crazy Yiuf.
Crazy Yiuf is heavily wounded.
You feel very sick.
Crazy Yiuf says, "Nubble ladder snockshim!"
Crazy Yiuf hits you with a +3 quarterstaff of chaos!
* * * LOW HITPOINT WARNING * * *
A demonic guardian appears!
You slash Crazy Yiuf! You kick Crazy Yiuf.
You kill Crazy Yiuf!
* * * LOW HITPOINT WARNING * * *
You feel sick.
Your life force feels restored.
There is a lethal amount of poison in your body!
Really quaff the potion of lignification?
You turn into a tree.
Your +0 scale mail melds into your body.
Your roots penetrate the ground.
Your blood armour dries and flakes away.
* * * LOW HITPOINT WARNING * * *
You feel sick.
You feel very mighty all of a sudden.
You die...

######....##
#+..+###...........
####..# #..).#
#....###.... ####
♣..♣.♣ #..### #....
♣♣.).♣ #### #>...
♣♣.♣♣ #.... ♣♣.♣
##### ♣.♣♣ ♣♣5♣
♣♣♣♣ #)# ... #...#
#)..# #####


You could see a friendly shadow imp (summoned).

Vanquished Creatures
  Grinder (D:3)
  Crazy Yiuf (D:3)
  4 adders
  3 dart slugs
  5 orcs (D:3)
  8 bats
  3 endoplasms
  2 giant cockroaches
  2 goblins (D:1)
  4 hobgoblins
  2 quokkas (D:1)
  5 ball pythons
  2 frilled lizards (D:1)
  A kobold (D:2)
  6 rats
49 creatures vanquished.

Notes
Turn   | Place    | Note
-------+----------+-------------------------------------------
     0 | D:1      | lonewolfV2 the Demonspawn Fighter began the quest for the
                  | Orb.
     0 | D:1      | Reached XP level 1. HP: 18/18 MP: 1/1
   158 | D:1      | Gained mutation: You have large cloven feet. [demonic
                  | ancestry]
   158 | D:1      | Reached XP level 2. HP: 23/24 MP: 2/2
   164 | D:1      | Reached skill level 1 in Dodging
   767 | D:2      | Gained mutation: When seriously injured, your blood forms
                  | armour. (AC +0) [demonic ancestry]
   767 | D:2      | Reached XP level 3. HP: 25/29 MP: 3/3
  1160 | D:2      | Found a shimmering altar of Xom.
  1742 | D:3      | Reached XP level 4. HP: 31/35 MP: 4/4
  1757 | D:3      | Found a faded altar of an unknown god.
  1970 | D:3      | Found a runed translucent door.
  1971 | D:3      | Noticed Crazy Yiuf
  2100 | D:3      | Noticed Grinder
  2111 | D:3      | HP: 1/35 [Grinder (6)]
  2118 | D:3      | Paralysed by Grinder for 3 turns
  2123 | D:3      | Killed Grinder
  2124 | D:3      | Reached XP level 5. HP: 18/41 MP: 5/5
  2124 | D:3      | Gained mutation: A weak demonic guardian rushes to your
                  | aid. [demonic ancestry]
  2124 | D:3      | Reached XP level 6. HP: 21/47 MP: 6/6
  2378 | D:3      | Killed Crazy Yiuf
  2378 | D:3      | HP: 1/45 [poisoned by Crazy Yiuf]
  2380 | D:3      | Succumbed to Crazy Yiuf's poison

Illustrated notes

Levels and vault maps discovered:
D:1:      saegor_arrival_simple_a, layout_loops_ring
D:2:      layout_loops_ring, basic_altar
D:3:      layout_rooms, basic_ecumenical_altar, serial_curves, eino_curves_04,
          eino_curves_01, solitary_fountain, uniq_grinder,
          uniq_crazy_yiuf_cottage

Skill      XL: |  1  2  3  4 |
---------------+-------------+-----
Dodging        | 1 2 4 |  4.4
Armour         | 3 4 |  4.2
Fighting       | |  3.0
Axes           | |  1.8
Shields        | |  2.7

Action                     |  1- 3 |  4- 6 || total
---------------------------+-------+-------++-------
  Melee: War axe           |    90 |    42 ||   132
         Kick              |    10 |     8 ||    18
  Evoke: Wand              |       |     1 ||     1
    Use: Scroll            |     6 |       ||     6
         Potion            |       |     7 ||     7
 Armour: Scale mail        |    47 |    35 ||    82
  Dodge: Dodged            |    52 |    26 ||    78
  Block: Buckler           |    25 |    13 ||    38
